 Dungeon Crawl Stone Soup version 0.29-a0-872-g797fff5ad1 (webtiles) character file.

Game seed: 5080717891320964059

281 DungeonMaster the Magician (level 6, 30/41 HPs)
             Began as a Demonspawn Hedge Wizard on July 19, 2022.
             Quit the game on level 5 of the Dungeon.
             The game lasted 00:07:57 (5578 turns).

DungeonMaster the Magician (DsHW)                   Turns: 5578, Time: 00:07:57

Health: 30/41      AC:  6    Str: 11    XL:     6   Next: 6%
Magic:  3/14       EV: 20    Int: 17    God:
Gold:   209        SH:  0    Dex: 12    Spells: 10/16 levels left

rFire   . . .      SeeInvis .   a - +2 dagger (speed)
rCold   . . .      Faith    .   (no shield)
rNeg    . . .      Spirit   .   b - +0 robe
rPois   .          Reflect  .   c - +1 hat
rElec   .          Harm     .   (no cloak)
rCorr   .          Rampage  .   w - +0 pair of gloves
Will    .....                   (no boots)
Stlth   ++........              (no amulet)
HPRegen 0.13/turn               q - +4 ring of evasion
MPRegen 0.14/turn               t - +4 ring of evasion

@: very slightly contaminated
A: antennae 1, icy blue scales 1, powered by pain 1
a: no special abilities


You were on level 5 of the Dungeon.
You visited 1 branch of the dungeon, and saw 5 of its levels.

You collected 209 gold pieces.

Inventory:

Hand Weapons
 a - a +2 dagger of speed (weapon)
 m - a +0 spectral club
Missiles
 h - 11 stones (quivered)
 l - 4 javelins
 v - a throwing net
Armour
 b - a +0 robe (worn)
 c - a +1 hat (worn)
 w - a +0 pair of gloves (worn)
Jewellery
 o - a ring of magical power
 q - a +4 ring of evasion (left hand)
 t - a +4 ring of evasion (right hand)
Scrolls
 j - a scroll of blinking
Potions
 d - a potion of magic
 e - a potion of heal wounds {unknown}
 f - 2 potions of mutation
 g - 4 potions of curing
 i - a potion of berserk rage {unknown}
 n - a potion of haste {unknown}
 p - a potion of brilliance {unknown}
 r - a potion of cancellation {unknown}
 s - a potion of attraction {unknown}
 u - a potion of flight {unknown}


   Skills:
 - Level 1.7 Dodging
 - Level 1.7 Stealth
 * Level 5.6 Spellcasting
 * Level 2.2 Conjurations
 - Level 1.0 Summonings
 - Level 0.8 Translocations
 * Level 1.7 Air Magic


You had 10 spell levels left.
You knew the following spells:

 Your Spells              Type           Power      Damage    Failure   Level
a - Magic Dart            Conj           48%        1d5       5%          1
b - Blink                 Tloc           14%        N/A       14%         2
d - Mephitic Cloud        Conj/Pois/Air  9%         N/A       22%         3

Your spell library contained the following spells:

 Spells                   Type           Power      Damage    Failure   Level
 Call Imp                 Summ           8%         N/A       13%         2
 Slow                     Hex            16%        N/A       14%         1
 Call Canine Familiar     Summ           8%         N/A       26%         3
 Conjure Flame            Conj/Fire      8%         6-21      26%         3
 Portal Projectile        Hex/Tloc       12%        N/A       32%         3
 Leda's Liquefaction      Hex/Erth       2%         N/A       80%         4


Dungeon Overview and Level Annotations

Branches:
Dungeon (5/15)
 Temple: D:4-7

Altars:

Shops:
D:2 [   D:4 (

Annotations:
D:3 Grinder


Innate Abilities, Weirdness & Mutations

You have a pair of small antennae on your head.
You are partially covered in icy blue scales. (AC +2)
You sometimes gain a little power by taking damage.


Message History

You miscast Mephitic Cloud.
You are very lightly contaminated with residual magic.
The wind whips around you!
Casting: Mephitic Cloud (quite dangerous; 28% risk of failure)
Confirm with . or Enter, or press ? or * to list all spells.
You don't have enough magic to cast this spell.
Unknown command.
Casting: Mephitic Cloud (quite dangerous; 28% risk of failure)
Confirm with . or Enter, or press ? or * to list all spells.
You don't have enough magic to cast this spell.
Unknown command.
Throw: 11 stones
Press: ? - help, Q - select action, (/) - cycle Shift-Dir - straight line, f/p - black bear
Aim: a black bear (moderately wounded, confused, very poisoned, 80% to hit)
Okay, then.
You see here a poisoned dart.
You hit the black bear.
The black bear is heavily wounded.
You hit the black bear.
The black bear is severely wounded.
The black bear completely misses you. x2; The black bear barely misses you.
You catch the helpless black bear completely off-guard!
You hit the black bear.
The black bear is severely wounded.
The black bear misses you.
The black bear claws you but does no damage.
The black bear completely misses you.
You hit the black bear.
The black bear is almost dead.
You hit the black bear.
The black bear is almost dead.
The black bear seems less confused.
The black bear closely misses you. The black bear barely misses you.
The black bear claws you.
You hit the black bear.
You kill the black bear!
Your Conjurations skill increases to level 2!
You have reached level 6!
Your demonic ancestry asserts itself...
A pair of antennae grows on your head!
Are you sure you want to abandon this character and quit the game? (Confirm with "yes".)

...... <### #.
#.#..###...##
...#.#..#......#
..........#....##
................#
..................
..................
..........(...###..
........(@(.## .
.......(##..#
#.......##.....
###..........##..
##.........#
#...........
#..<.....##.#
#.............
..[.......#...#


There were no monsters in sight!

Vanquished Creatures
  A black bear (D:5)
  A hound (D:5)
  An iguana (D:4)
  4 adders
  A worm (D:2)
  4 dart slugs
  7 orcs
  5 bats
  6 endoplasms
  2 giant cockroaches
  5 goblins
  9 hobgoblins
  9 jackals
  3 quokkas
  3 ball pythons
  4 frilled lizards
  7 kobolds
  3 rats
75 creatures vanquished.

Notes
Turn   | Place    | Note
-------+----------+-------------------------------------------
     0 | D:1      | DungeonMaster the Demonspawn Hedge Wizard began the quest
                  | for the Orb.
     0 | D:1      | Reached XP level 1. HP: 13/13 MP: 4/4
   317 | D:1      | You fall into a shaft and drop 1 floor!
   390 | D:2      | Gained mutation: You sometimes gain a little power by
                  | taking damage. [demonic ancestry]
   390 | D:2      | Reached XP level 2. HP: 15/19 MP: 0/6
   791 | D:2      | Reached skill level 4 in Spellcasting
   991 | D:2      | Found a faded altar of an unknown god.
  1007 | D:2      | Reached XP level 3. HP: 23/24 MP: 1/8
  1613 | D:2      | Found Ukaucsac's Antique Armour Emporium.
  2922 | D:3      | Gained mutation: You are partially covered in icy blue
                  | scales. (AC +2) [demonic ancestry]
  2922 | D:3      | Reached XP level 4. HP: 30/30 MP: 5/10
  3152 | D:3      | Reached skill level 5 in Spellcasting
  3322 | D:3      | Noticed Grinder
  3815 | D:4      | Found Jizov's Antique Weapon Boutique.
  3834 | D:4      | Noticed an orc warrior
  4576 | D:3      | Learned a level 2 spell: Blink
  4580 | D:3      | Learned a level 3 spell: Mephitic Cloud
  4835 | D:4      | Reached XP level 5. HP: 18/35 MP: 5/12
  5517 | D:4      | Noticed an ogre
  5544 | D:5      | Entered Level 5 of the Dungeon
  5553 | D:5      | Reached skill level 1 in Air Magic
  5553 | D:5      | Noticed a black bear
  5577 | D:5      | Killed a black bear
  5578 | D:5      | Gained mutation: You have a pair of small antennae on your
                  | head. [demonic ancestry]
  5578 | D:5      | Reached XP level 6. HP: 30/41 MP: 3/14
  5578 | D:5      | Quit the game

Illustrated notes

Levels and vault maps discovered:
D:1:      evilmike_arrival_plus, layout_loops_ring
D:2:      layout_loops_ring, hellmonk_ecumenical_altar_leap_of_faith,
          serial_shops, nicolae_shop_trees, basic_altar
D:3:      layout_loops_corners, dk_noncrumbling_2, dk_noncrumbling_3,
          minmay_crystal_room, uniq_grinder
D:4:      layout_gridville, serial_shops, nicolae_stop_n_shop_1
D:5:      layout_cave_pools, mainiacjoe_overflow_surrounded_room

Skill      XL: |  1  2  3  4  5 |
---------------+----------------+-----
Spellcasting   | 4 5 |  5.6
Air Magic      | 1 |  1.7
Conjurations   | 2 |  2.2
Dodging        | |  1.7
Stealth        | |  1.7
Summonings     | |  1.0
Translocations | |  0.8

Action                   |  1- 3 |  4- 6 || total
-------------------------+-------+-------++-------
Melee: Dagger            |    46 |    95 ||   141
       Punch             |       |     2 ||     2
Throw: Dart              |       |     4 ||     4
 Cast: Magic Dart        |    99 |   112 ||   211
       Mephitic Cloud    |       |     1 ||     1
  Use: Scroll            |     7 |     5 ||    12
 Stab: Confused          |       |     1 ||     1
Armor: Robe              |    10 |     9 ||    19
Dodge: Dodged            |    41 |    93 ||   134

Table legend: (Time is in decaauts)
 A = Elapsed time spent in this place.
 B = Non-inter-level travel time spent in this place.
 C = Inter-level travel time spent in this place.
 D = Time resting spent in this place.
 E = Time spent auto-exploring this place.
 F = Levels seen in this place.
 G = Mean time per level.
                   A        B        C        D        E       F      G
               +--------+--------+--------+--------+--------+-----+--------+
         Total |   5530 |   5373 |    157 |   1195 |   3423 |   5 | 1106.0 |
       Dungeon |   5530 |   5373 |    157 |   1195 |   3423 |   5 | 1106.0 |
               +--------+--------+--------+--------+--------+-----+--------+

Top non-repeatable levels by time:
     D:3: 2204 daAuts
     D:2: 1557 daAuts
     D:4: 944 daAuts
     D:1: 793 daAuts
     D:5: 30 daAuts
